 Dungeon Crawl Stone Soup version 0.26.0-57-g60708a5e39 (webtiles) character file.

Game seed: 7729727224275923733

334 Gadfly the Unbeliever (level 6, -1/59 HPs)
             Began as an Ogre Gladiator on Feb 2, 2021.
             Slain by a hound (5 damage)
             ... on level 4 of the Dungeon.
             The game lasted 00:05:02 (4503 turns).

Gadfly the Unbeliever (Ogre Gladiator)              Turns: 4503, Time: 00:05:02

Health: -1/59      AC:  3    Str: 21    XL:     6   Next: 53%
Magic:  0/8        EV: 10    Int:  9    God:
Gold:   143        SH:  0    Dex: 10    Spells: 4/5 levels left

rFire    . . .     SeeInvis .   a - +1 flail
rCold    . . .     Faith    .   (no shield)
rNeg     . . .     Spirit   +   j - +0 robe
rPois    .         Reflect  .   c - +0 hat
rElec    .         Harm     .   (no cloak)
rCorr    .         Rampage  .   (gloves unavailable)
Will     .....                  (boots unavailable)
Stlth    +.........             i - amulet of guardian spirit
HPRegen  0.19/turn              (no ring)
MPRegen  0.11/turn              (no ring)

@: about to teleport
A: large, unfitting armour, tough skin 1
a: no special abilities


You were on level 4 of the Dungeon.
You visited 1 branch of the dungeon, and saw 4 of its levels.

You collected 143 gold pieces.

Inventory:

Hand Weapons
 a - a +1 flail (weapon)
Missiles
 d - 3 throwing nets
 e - 136 stones (quivered)
Armour
 c - a +0 hat (worn)
 j - a +0 robe (worn)
Jewellery
 i - an amulet of guardian spirit (around neck)
Scrolls
 f - a scroll of blinking {unknown}
 h - 2 scrolls of remove curse
Potions
 k - a potion of mutation


   Skills:
 - Level 2.6 Fighting
 + Level 3.3 Maces & Flails
 + Level 2.9 Throwing
 * Level 2.4 Armour
 - Level 2.6 Dodging
 * Level 3.4 Invocations
 * Level 2.3 Evocations


You had 4 spell levels left.
You knew the following spells:

 Your Spells              Type           Power        Failure   Level
a - Corona                Hex            0%           38%         1

Your spell library contained the following spells:

 Spells                   Type           Power        Failure   Level
 Animate Skeleton         Necr           0%           38%         1
 Apportation              Tloc           0%           38%         1
 Summon Small Mammal      Summ           0%           38%         1


Dungeon Overview and Level Annotations

Branches:
Dungeon (4/15)
 Temple: D:4-7

Altars:
Ashenzari
Dithmenos
Zin


Innate Abilities, Weirdness & Mutations

You are too large for most types of armour.
You have tough skin. (AC +1)


Message History

* * * LOW HITPOINT WARNING * * *
The hound bites you.
* * * LOW HITPOINT WARNING * * *
The worm bites you.
* * * LOW HITPOINT WARNING * * *
A quokka skeleton comes into view.
As you read the scroll of teleportation, it crumbles to dust.
You feel strangely unstable. The hound bites you.
* * * LOW HITPOINT WARNING * * *
The hound closely misses you.
You hit the hound.
The hound is almost dead.
The hound barely misses you. The worm bites you.
* * * LOW HITPOINT WARNING * * *
The hound closely misses you.
Unknown command.
You completely miss the hound.
The hound is almost dead.
The hound bites you.
You die...

...........#...
.............###
.........w...#.#
................#
#.......<......##
#...............#
###........#..#..#
..#........#..####
......B.....#.wh@#
..........####Zw##
...........###.##
............##..##
...........#.†l..#
...........h..##.#
.##.##############
. ##. # .≈


You could see a worm, a hound, a dart slug and a quokka skeleton.

Vanquished Creatures
  2 howler monkeys
  An orc wizard (D:3)
  A bullfrog skeleton (D:3)
  3 gnolls
  5 adders
  A white imp (D:3)
  2 oozes
  2 worms (D:3)
  3 dart slugs
  6 leopard geckos
  5 orcs (D:3)
  11 bats
  6 giant cockroaches
  8 goblins
  10 hobgoblins
  3 jackals (D:3)
  5 quokkas
  2 ball pythons
  5 frilled lizards
  8 kobolds
  9 rats
98 creatures vanquished.

Notes
Turn   | Place    | Note
-------+----------+-------------------------------------------
     0 | D:1      | Gadfly the Ogre Gladiator began the quest for the Orb.
     0 | D:1      | Reached XP level 1. HP: 22/22 MP: 1/1
    99 | D:1      | Reached XP level 2. HP: 26/29 MP: 2/2
   228 | D:1      | Reached skill level 1 in Invocations
   577 | D:1      | Reached XP level 3. HP: 34/36 MP: 3/3
   720 | D:1      | Reached skill level 1 in Evocations
   723 | D:1      | Reached skill level 1 in Armour
  1433 | D:2      | Reached XP level 4. HP: 44/44 MP: 5/5
  1443 | D:2      | Found a shadowy altar of Dithmenos.
  1611 | D:2      | Found a broken altar of Ashenzari.
  2702 | D:3      | Reached XP level 5. HP: 46/50 MP: 4/6
  3036 | D:3      | Learned a level 1 spell: Corona
  3366 | D:3      | Reached XP level 6. HP: 30/59 MP: 6/8
  4040 | D:3      | Found a glowing silver altar of Zin.
  4503 | D:4      | Slain by a hound

Illustrated notes

Levels and vault maps discovered:
D:1:      minmay_arrival_open_corners, layout_loops_ring
D:2:      layout_basic, general_overflow_altar, overflow_temple_1_default
D:3:      layout_rooms, marbit_many_paths, minmay_bisected
D:4:      layout_cave_pools, lemuel_round_altar, portal_sewer_entry_f,
          roderic_serpentine_path, uniq_eustachio, uniq_pikel

Skill      XL: |  1  2  3  4  5 |
---------------+----------------+-----
Invocations    | 1 2 3 |  3.4
Evocations     | 1 2 |  2.3
Armour         | 1 2 |  2.4
Maces & Flails | 3 |  3.3
Fighting       | |  2.6
Throwing       | |  2.9
Dodging        | |  2.6

Action                   |  1- 3 |  4- 6 || total
-------------------------+-------+-------++-------
Melee: Flail             |    93 |   212 ||   305
Throw: Throwing net      |     1 |       ||     1
       Stone             |     1 |     9 ||    10
  Use: Scroll            |     4 |     6 ||    10
       Potion            |       |     2 ||     2
 Stab: Sleeping          |     1 |       ||     1
Armor: Robe              |    26 |    63 ||    89
Dodge: Dodged            |    59 |   179 ||   238
